 Dungeon Crawl Stone Soup version 0.18-a0-1273-g8ec5f8e (webtiles) character file.

16 Duffy the Firebug (level 2, -3/15 HPs)
             Began as a Deep Elf Fire Elementalist on Feb 7, 2016.
             Slain by Duvessa
             ... wielding a +0 short sword
              (6 damage)
             ... on level 4 of the Dungeon.
             The game lasted 00:00:37 (357 turns).

Duffy the Firebug (Deep Elf Fire Elementalist)       Turns: 357, Time: 00:00:37

Health: -3/15      AC:  2    Str:  5    XL:     2   Next: 41%
Magic:  0/8        EV: 13    Int: 19    God:
Gold:   2          SH:  0    Dex: 15    Spells: 1 memorised, 6 levels left

rFire  . . .     SeeInvis .     (no weapon)
rCold  . . .     Gourm    .     a - +0 robe
rNeg   . . .     Faith    .     (no shield)
rPois  .         Spirit   +     (no helmet)
rElec  .         Dismiss  .     (no cloak)
rCorr  .         Reflect  .     (no gloves)
SustAt .         Harm     .     (no boots)
MR     .....                    f - amulet of guardian spirit
Stlth  +.........               (no ring)
                                e - ring of loudness (curse)

@: not resistant to hostile enchantments, very unstealthy
A: no striking features
a: no special abilities


You were on level 4 of the Dungeon.
You were not hungry.

You visited 1 branch of the dungeon, and saw 4 of its levels.

You collected 2 gold pieces.


   Skills:
 - Level 2.4 Dodging
 - Level 2.4 Stealth
 - Level 3.0 Spellcasting
 + Level 2.7 Conjurations
 - Level 3.2 Fire Magic


You had 6 spell levels left.
You knew the following spells:

 Your Spells              Type           Power        Failure   Level  Hunger
a - Flame Tongue          Conj/Fire      ##...        6%          1    None

Inventory:

Armour
 a - a +0 robe (worn)
Jewellery
 e - a cursed ring of loudness (left hand)
 f - an amulet of guardian spirit (around neck)
Potions
 d - a potion of mutation {unknown}
Books
 b - a book of Flames
Comestibles
 c - a bread ration

Dungeon Overview and Level Annotations

Branches:
Dungeon (3/15)

Altars:
Qazlal

Annotations:
D:4 Dowan, Duvessa


Message History

You don't have enough magic to cast that spell.
Cast which spell? (? or * to list)
You don't have enough magic to cast that spell.
The bat hits you but does no damage.
You closely miss the bat. The bat barely misses you.
The bat closely misses you. The bat barely misses you.
The bat hits you but does no damage. The bat closely misses you.
The bat hits you but does no damage. The bat misses you.
The orc hits you but does no damage. The bat barely misses you. x2
The bat hits you but does no damage. The bat hits you.
The bat hits you but does no damage. The bat hits you but does no damage.
Found a stormy altar of Qazlal.
The bat hits you but does no damage. The bat barely misses you. x2
There is a shaft here.
Really dive through this shaft in the floor?
You fall through a shaft!
The shaft crumbles and collapses.
You hear the hiss of flowing sand.
There is an entrance to an ossuary on this level.
Hurry and find it before the portal is buried!
Duvessa and Dowan come into view.
Duvessa shouts!
Dowan shouts!
Unknown command.
Unknown command.
Duvessa completely misses you.
Cast which spell? (? or * to list)
Aiming: Flame Tongue
Press: ? - help, Shift-Dir - straight line, f - Dowan
Aim: Dowan, wielding a dagger and wearing a robe The flame tongue misses Dowan.
Duvessa hits you with a short sword.
You die...

.# ... #.#
#.# #.# #.#
########e#
......e@.##.#
............#
#############


You could see Duvessa and Dowan.

Action                   || total
-------------------------++-------
Melee: Unarmed           ||     1
 Cast: Flame Tongue      ||    10

Notes
Turn   | Place    | Note
--------------------------------------------------------------
     0 | D:1      | Duffy the Deep Elf Fire Elementalist began the quest for the Orb.
     0 | D:1      | Reached XP level 1. HP: 10/10 MP: 6/6
   317 | D:3      | Reached skill level 2 in Conjurations
   317 | D:3      | Reached XP level 2. HP: 6/15 MP: 4/8
   352 | D:3      | Found a stormy altar of Qazlal.
   355 | D:3      | You fall through a shaft!
   355 | D:4      | Noticed Duvessa
   355 | D:4      | Noticed Dowan
   357 | D:4      | Slain by Duvessa

Vault maps used:
D:1:      dpeg_arrival_rooms_c, corexii_leaking_fountain
D:2:      first_bread, ecumenical_altar_1, kennysheep_okawaru_gauntlet
D:3:      grunt_qazlal_sundering, portal_sewer_entry_e, roderic_lattice_a,
          nemelex_spade_bored_becter
D:4:      lightli_ossuary_entry_decrepit_ruins, uniq_duvessa

Vanquished Creatures
  An adder
  3 goblins
  3 hobgoblins
7 creatures vanquished.
